[Event "Titled Tuesday Blitz November 14 Early 2023"]
[White "Ladopoulos, Dimitrios"]
[Black "Vigoa Apecheche, Yanira"]
[WhiteFideId "4239580"]
[BlackFideId "3507041"]
[WhiteElo "2697"]
[BlackElo "2366"]
[Result "1-0"]
[Round "1"]
[TimeControl "180+1"]
[Date "2023.11.14"]
[WhiteClock "0:00:20"]
[BlackClock "0:00:16"]
[Board "140"]

1. d4 Nf6 2. Nf3 g6 3. c4 c5 4. g3 cxd4 5. Nxd4 Nc6 6. Bg2 Bg7 7. O-O O-O 8. Nc3 d6 9. Nxc6 bxc6 10. Bxc6 Bh3 11. Bxa8 Qxa8 12. f3 Bxf1 13. Kxf1 Rc8 14. Qd3 Qc6 15. b3 d5 16. Nxd5 Nxd5 17. cxd5 Qc2 18. Qxc2 Rxc2 19. Rb1 Rxa2 20. Be3 Kf8 21. Bc5 Ke8 22. h3 Kd7 23. e4 a6 24. g4 Rh2 25. Bg1 Rc2 26. b4 Rc3 27. Ke2 Rc2+ 28. Kf1 Rc3 29. Kg2 Rc2+ 30. Bf2 Bd4 31. Rf1 Rb2 32. Kg3 Bxf2+ 33. Rxf2 Rxb4 34. Ra2 Rb6 35. Kf4 Kc7 36. Kg5 Kb7 37. Kh6 Rb3 38. Rf2 a5 39. Kxh7 a4 40. Kg7 a3 41. Kxf7 Rb2 42. Rf1 a2 43. Ra1 Kb6 44. Kxe7 Kc5 45. d6 Rb7+ 46. Ke6 Rb6 47. e5 Kd4 48. f4 Ke3 49. f5 gxf5 50. gxf5 Ke4 51. Rxa2 Rb5 52. Ra4+ Kd3 53. f6 Rb8 54. f7 1-0


[Site "https://www.chess.com"]

[Event "Titled Tuesday Blitz November 14 Early 2023"]
[White "Melikhov, Evgeny V."]
[Black "Akhmedinov, Satbek"]
[WhiteFideId "4122046"]
[BlackFideId "13714287"]
[WhiteElo "2366"]
[BlackElo "2695"]
[Result "0-1"]
[Round "1"]
[TimeControl "180+1"]
[Date "2023.11.14"]
[WhiteClock "0:01:02"]
[BlackClock "0:02:25"]
[Board "141"]

1. d4 Nf6 2. c4 e6 3. Nc3 d5 4. cxd5 exd5 5. Bg5 Be7 6. e3 h6 7. Bh4 O-O 8. Bd3 c5 9. dxc5 Nbd7 10. Nf3 Nxc5 11. Nd4 g5 12. Bg3 Nfe4 13. Nxe4 dxe4 14. Be2 Qa5+ 15. Qd2 Nd3+ 16. Bxd3 Bb4 17. Bxe4 Bxd2+ 18. Ke2 f5 19. Nb3 Qd8 20. Bd3 f4 21. Rhd1 fxg3 22. hxg3 Qf6 0-1


[Site "https://www.chess.com"]

[Event "Titled Tuesday Blitz November 14 Early 2023"]
[White "Hasangatin, Ramil"]
[Black "Jakubowska, Anna"]
[WhiteFideId "4122160"]
[BlackFideId "1121952"]
[WhiteElo "2687"]
[BlackElo "2365"]
[Result "1-0"]
[Round "1"]
[TimeControl "180+1"]
[Date "2023.11.14"]
[WhiteClock "0:00:52"]
[BlackClock "0:00:12"]
[Board "142"]

1. e4 c6 2. Nf3 d5 3. d3 dxe4 4. dxe4 Qxd1+ 5. Kxd1 g6 6. Be3 Bg7 7. c3 Nh6 8. h3 O-O 9. Kc2 e5 10. Nfd2 f5 11. f3 Be6 12. Bc4 Kf7 13. a4 Nd7 14. Na3 Rfd8 15. Rhd1 Ng8 16. Bxe6+ Kxe6 17. Ndc4 Ne7 18. Rd6+ Kf7 19. Rad1 Ke8 20. Na5 Nc8 21. Re6+ Kf7 22. Nxb7 Rf8 23. Rxd7+ Kxe6 24. Rxg7 Ne7 25. Rxh7 Rfb8 26. Nc5+ Kf6 27. Nd7+ Ke6 28. Nxb8 Rxb8 29. Bg5 Ng8 30. Nc4 fxe4 31. fxe4 Nf6 32. Bxf6 Kxf6 33. Rxa7 Rh8 34. Ra6 Rxh3 35. gxh3 1-0


[Site "https://www.chess.com"]

[Event "Titled Tuesday Blitz November 14 Early 2023"]
[White "KatakuriDono"]
[Black "Nagare Kaivalya Sandip"]
[BlackFideId "25957929"]
[WhiteElo "2363"]
[BlackElo "2685"]
[Result "1/2-1/2"]
[Round "1"]
[TimeControl "180+1"]
[Date "2023.11.14"]
[WhiteClock "0:00:20"]
[BlackClock "0:00:20"]
[Board "143"]

1. d4 d5 2. c4 c6 3. Nc3 Nf6 4. cxd5 cxd5 5. Bg5 Nc6 6. Bxf6 exf6 7. e3 Be7 8. Nge2 O-O 9. Nf4 Be6 10. Be2 Bb4 11. O-O Bxc3 12. bxc3 Na5 13. Rb1 Rc8 14. Qd2 Qc7 15. Rfc1 Rfd8 16. Bd3 a6 17. Qe2 b5 18. Qh5 g6 19. Qh6 f5 20. h4 Qe7 21. h5 Rc6 22. hxg6 fxg6 23. Be2 Rdc8 24. Nd3 Rxc3 25. Rxc3 Rxc3 26. Ne5 Nc4 27. Bxc4 dxc4 28. a4 Rb3 29. Rc1 bxa4 30. Nxc4 a3 31. Na5 Rb8 32. Nc6 Qc7 33. Qg5 Kg7 34. e4 a2 35. Nxb8 Qxb8 36. exf5 Bxf5 37. Qe3 Qb1 38. Qc3 Bc2 39. d5+ Kh6 40. Qe3+ Kg7 41. Qe7+ Kh6 42. Qh4+ Kg7 43. Qe7+ Kh6 44. Qh4+ Kg7 45. Qe7+ 1/2-1/2


[Site "https://www.chess.com"]

[Event "Titled Tuesday Blitz November 14 Early 2023"]
[White "Timerkhanov, Alexander"]
[Black "Manon-og, Ramon Jr."]
[WhiteFideId "24177938"]
[BlackFideId "5200776"]
[WhiteElo "2683"]
[BlackElo "2358"]
[Result "1-0"]
[Round "1"]
[TimeControl "180+1"]
[Date "2023.11.14"]
[WhiteClock "0:00:33"]
[BlackClock "0:00:03"]
[Board "144"]

1. d4 Nf6 2. Bg5 e6 3. Nd2 d5 4. e3 Be7 5. Bd3 O-O 6. f4 c5 7. c3 Nc6 8. Ngf3 Qc7 9. O-O h6 10. Bxf6 Bxf6 11. Ne5 b6 12. Qh5 Ne7 13. g4 Bxe5 14. fxe5 Bd7 15. g5 Nf5 16. Bxf5 exf5 17. Nf3 Qc6 18. gxh6 Qxh6 19. Qxh6 gxh6 20. Nh4 Kh7 21. Nxf5 Rg8+ 22. Ng3 Be6 23. Rf4 Rg6 24. a4 cxd4 25. exd4 a6 26. Raf1 Rc8 27. Kf2 Rc4 28. Ra1 Rg4 29. Rxg4 Bxg4 30. Nf1 Bd7 31. a5 b5 32. Ne3 Rc6 33. Nxd5 Kg7 34. Nb4 Rg6 35. Rg1 Bc8 36. Rxg6+ Kxg6 37. Ke3 Kf5 38. Nd3 Kg4 39. d5 Kh3 40. Nc5 Kxh2 41. Kf2 Kh3 42. d6 Kg4 43. d7 Bxd7 44. Nxd7 Kf5 45. Nc5 Kxe5 46. Nxa6 Kd5 47. Nb4+ Kc5 48. Nd3+ Kc6 49. Ne5+ 1-0


[Site "https://www.chess.com"]

[Event "Titled Tuesday Blitz November 14 Early 2023"]
[White "Luxama, Jacques Muller"]
[Black "Mladenovic, Stefan"]
[WhiteFideId "11900113"]
[BlackFideId "942227"]
[WhiteElo "2358"]
[BlackElo "2683"]
[Result "0-1"]
[Round "1"]
[TimeControl "180+1"]
[Date "2023.11.14"]
[WhiteClock "0:02:14"]
[BlackClock "0:02:38"]
[Board "145"]

1. e4 c5 2. Nf3 d6 3. d4 cxd4 4. Nxd4 Nf6 5. Nc3 g6 6. Bc4 Bg7 7. Bb3 O-O 8. f3 Nc6 9. Be3 Bd7 10. Qd2 Na5 11. O-O-O Rb8 12. Kb1 b5 13. h4 Nc4 14. Qe2 Nxe3 15. Qxe3 a5 16. a3 a4 17. Ba2 b4 18. axb4 Rxb4 19. Ka1 Qb6 20. Rb1 Qxd4 0-1


[Site "https://www.chess.com"]

[Event "Titled Tuesday Blitz November 14 Early 2023"]
[White "Hua, Lefong"]
[Black "Dmitrenko, Viktor"]
[WhiteFideId "2602253"]
[BlackFideId "14110270"]
[WhiteElo "2682"]
[BlackElo "2357"]
[Result "1/2-1/2"]
[Round "1"]
[TimeControl "180+1"]
[Date "2023.11.14"]
[WhiteClock "0:00:26"]
[BlackClock "0:00:11"]
[Board "146"]

1. d4 d5 2. c4 e6 3. Nc3 a6 4. cxd5 exd5 5. e3 Nf6 6. Bd3 Be6 7. Nge2 Bd6 8. Ng3 g6 9. O-O Nbd7 10. f3 c5 11. Re1 cxd4 12. exd4 O-O 13. Bh6 Re8 14. Qd2 Rc8 15. Rad1 b5 16. Bf4 Bf8 17. Be5 Qb6 18. Kh1 Bg7 19. h3 h5 20. h4 Nxe5 21. dxe5 Nd7 22. f4 Nc5 23. Be2 Rcd8 24. Qd4 Nd7 25. Bf3 Qxd4 26. Rxd4 Nb6 27. Red1 f6 28. Nxd5 Nxd5 29. Bxd5 Bxd5 30. Rxd5 Rxd5 31. Rxd5 fxe5 32. Ne2 exf4 33. Nxf4 Re1+ 34. Kh2 Be5 35. g3 Bxf4 36. gxf4 Re2+ 37. Kg3 Rxb2 38. a4 bxa4 39. Ra5 Rb3+ 40. Kg2 Rb4 41. Kf3 Kf7 42. Rxa6 Rb3+ 43. Ke4 a3 44. Ra7+ Kf6 45. Ra6+ Kg7 46. Ra7+ Kh6 47. Ra6 Rb4+ 48. Ke5 Rb5+ 49. Kd4 Rf5 50. Ke4 Rb5 51. Rxa3 Rb4+ 52. Kf3 Kg7 53. Ra7+ Kf6 54. Ra6+ Kf5 55. Kg3 Rb3+ 56. Kg2 Kxf4 57. Rxg6 Rb2+ 58. Kh3 Rb3+ 59. Kh2 Rb2+ 60. Kg1 Rb1+ 61. Kg2 Rb2+ 62. Kf1 Rb1+ 63. Kf2 Rb2+ 64. Ke1 Rb1+ 65. Ke2 Rb2+ 66. Kf1 Rh2 67. Ra6 Rxh4 68. Ra3 Rg4 69. Kf2 h4 70. Ra4+ Kg5 71. Rxg4+ Kxg4 72. Kg2 h3+ 73. Kh1 Kg3 74. Kg1 h2+ 75. Kh1 Kh3 1/2-1/2


[Site "https://www.chess.com"]

[Event "Titled Tuesday Blitz November 14 Early 2023"]
[White "Mejia, Cherry Ann"]
[Black "Koellner, Ruben Gideon"]
[WhiteFideId "5206880"]
[BlackFideId "12993093"]
[WhiteElo "2357"]
[BlackElo "2681"]
[Result "1-0"]
[Round "1"]
[TimeControl "180+1"]
[Date "2023.11.14"]
[WhiteClock "0:00:13"]
[BlackClock "0:00:14"]
[Board "147"]

1. e4 d6 2. Nc3 Nf6 3. d4 e5 4. Nf3 Nbd7 5. Bc4 Be7 6. h3 c6 7. Be3 b5 8. Bd3 Qc7 9. O-O h6 10. Nh4 g6 11. d5 cxd5 12. Nxb5 Qb7 13. exd5 Nxd5 14. Nxg6 Nxe3 15. fxe3 fxg6 16. Bxg6+ Kd8 17. Nxd6 Bxd6 18. Qxd6 Qb6 19. Qd3 Ba6 20. Qe4 Kc7 21. Rf7 Rad8 22. Qxe5+ Kc8 23. Bf5 Bb5 24. Rd1 Rhe8 25. Qc3+ Qc7 26. Qb4 Re5 27. e4 Qc5+ 28. Qd4 Qxd4+ 29. Rxd4 Rc5 30. c4 Rxc4 31. Bxd7+ Kb8 32. Rxc4 Bxc4 33. Rh7 Bxa2 34. e5 Bg8 35. Rg7 Bd5 36. e6 Bxe6 37. Bxe6 Rd2 38. b3 a5 39. Rg6 Rd6 40. Rxh6 Kc7 41. Rg6 Kb6 42. h4 Kc5 43. h5 Kd4 44. h6 Ke5 45. Bf7 Rd7 46. h7 Rd1+ 47. Kf2 Rd2+ 48. Ke3 Rd8 49. Bg8 Kf5 50. Rg7 Re8+ 51. Kd4 Rd8+ 52. Kc5 Rc8+ 53. Kb6 Rb8+ 54. Kxa5 Rxb3 55. Bxb3 Kf4 56. h8=Q Ke3 57. Qh3+ Kf2 58. Qf3+ Kg1 59. g4 Kh2 60. Rh7+ Kg1 61. Rh1# 1-0


[Site "https://www.chess.com"]

[Event "Titled Tuesday Blitz November 14 Early 2023"]
[White "Prestia, Paris"]
[Black "EvgenyBurmakin"]
[WhiteFideId "30925959"]
[WhiteElo "2680"]
[BlackElo "2352"]
[Result "0-1"]
[Round "1"]
[TimeControl "180+1"]
[Date "2023.11.14"]
[WhiteClock "0:02:25"]
[BlackClock "0:02:09"]
[Board "148"]

1. e4 c5 2. Nf3 d6 3. Nc3 Nf6 4. g3 Nc6 5. Bg2 g6 6. d4 cxd4 7. Nxd4 Bg7 8. Nde2 O-O 9. O-O Bd7 10. h3 a6 11. a4 Rc8 12. Re1 Ne5 13. b3 b5 14. axb5 axb5 15. f4 Qb6+ 16. Kh2 Neg4+ 17. hxg4 Nxg4+ 18. Kh1 Nf2+ 19. Kh2 Nxd1 20. Rxd1 Bxc3 0-1


[Site "https://www.chess.com"]

[Event "Titled Tuesday Blitz November 14 Early 2023"]
[White "patzersame"]
[Black "Arhan_Anand"]
[WhiteElo "2348"]
[BlackElo "2675"]
[Result "0-1"]
[Round "1"]
[TimeControl "180+1"]
[Date "2023.11.14"]
[WhiteClock "0:00:11"]
[BlackClock "0:00:52"]
[Board "149"]

1. e4 b6 2. d4 Bb7 3. Nc3 e6 4. Be3 Bb4 5. f3 Nf6 6. a3 Be7 7. Bd3 d5 8. e5 Nfd7 9. Nce2 c5 10. c3 Nc6 11. Nh3 f6 12. f4 fxe5 13. fxe5 O-O 14. Qc2 h6 15. Bh7+ Kh8 16. Nhf4 Rxf4 17. Nxf4 Nf8 18. Ng6+ Nxg6 19. Bxg6 cxd4 20. cxd4 Rc8 21. Qd2 Na5 22. O-O Nb3 23. Qd3 Nxa1 24. Rxa1 Bg5 25. Bf2 Qe7 26. g3 Bc1 27. Qe2 Qg5 28. Bb1 Qd2 29. Qf3 Ba6 30. Qf7 Qd1+ 31. Kg2 Bf1+ 32. Kg1 Bh3+ 33. Be1 Qxe1+ 34. Qf1 Qxf1# 0-1


[Site "https://www.chess.com"]

[Event "Titled Tuesday Blitz November 14 Early 2023"]
[White "Ovetchkin, Roman"]
[Black "Jarocka, Liwia"]
[WhiteFideId "4119991"]
[BlackFideId "21807558"]
[WhiteElo "2673"]
[BlackElo "2348"]
[Result "1-0"]
[Round "1"]
[TimeControl "180+1"]
[Date "2023.11.14"]
[WhiteClock "0:00:09"]
[BlackClock "0:00:00"]
[Board "150"]

1. d4 d5 2. c4 e6 3. Nf3 Nf6 4. g3 Bb4+ 5. Bd2 Be7 6. Bg2 O-O 7. O-O c6 8. Qb3 Ne4 9. Bb4 Bxb4 10. Qxb4 Na6 11. Qb3 c5 12. Rd1 Nf6 13. Nc3 b6 14. cxd5 exd5 15. Ne5 Bb7 16. e3 Re8 17. Qa4 Rc8 18. Bh3 Ra8 19. Rac1 c4 20. Bg2 Nc7 21. Nxc4 Ne6 22. Ne5 Ng5 23. Nb5 Re7 24. Nc6 Bxc6 25. Rxc6 a6 26. Nc3 b5 27. Qb4 Qd7 28. Rxf6 gxf6 29. Nxd5 Re6 30. Nf4 Rd8 31. Nxe6 fxe6 32. Rc1 e5 33. h4 Nf7 34. d5 Nd6 35. Rc6 Nc4 36. Rxf6 Qg4 37. Qe7 Rc8 38. d6 Nxe3 39. d7 Rc1+ 40. Kh2 1-0


[Site "https://www.chess.com"]

[Event "Titled Tuesday Blitz November 14 Early 2023"]
[White "Garrido, Denis"]
[Black "Godzwon, Iwo"]
[WhiteFideId "601217"]
[BlackFideId "21802483"]
[WhiteElo "2346"]
[BlackElo "2671"]
[Result "0-1"]
[Round "1"]
[TimeControl "180+1"]
[Date "2023.11.14"]
[WhiteClock "0:00:14"]
[BlackClock "0:00:47"]
[Board "151"]

1. e4 d6 2. d4 Nf6 3. Nc3 e5 4. Nge2 exd4 5. Nxd4 Be7 6. Bf4 O-O 7. Qd2 Nc6 8. O-O-O Nxd4 9. Qxd4 Be6 10. f3 Nd7 11. g4 Bg5 12. Qd2 Bxf4 13. Qxf4 Qe7 14. h4 a6 15. Qe3 b5 16. Be2 Nb6 17. f4 b4 18. Nb1 a5 19. g5 Bxa2 20. h5 a4 21. f5 Qe5 22. g6 a3 23. h6 Bxb1 24. hxg7 Qxg7 25. Rd4 axb2+ 26. Kd2 c5 27. gxh7+ Kh8 28. f6 Qxf6 29. e5 0-1


[Site "https://www.chess.com"]

[Event "Titled Tuesday Blitz November 14 Early 2023"]
[White "Gubajdullin, Alexei"]
[Black "Bogaudinov, Rushan"]
[WhiteFideId "4141202"]
[BlackFideId "4129288"]
[WhiteElo "2670"]
[BlackElo "2346"]
[Result "1-0"]
[Round "1"]
[TimeControl "180+1"]
[Date "2023.11.14"]
[WhiteClock "0:00:40"]
[BlackClock "0:00:00"]
[Board "152"]

1. d4 Nf6 2. Nf3 e6 3. Bf4 b6 4. e3 Bb7 5. h3 Bd6 6. Bxd6 cxd6 7. Be2 O-O 8. O-O d5 9. Nbd2 Nc6 10. c4 dxc4 11. Nxc4 d5 12. Nce5 Nxe5 13. Nxe5 Nd7 14. Nf3 Qe7 15. Qa4 a6 16. Rfc1 Qd6 17. a3 h6 18. Qb4 Qxb4 19. axb4 Rfc8 20. Kf1 Rxc1+ 21. Rxc1 Rc8 22. Rxc8+ Bxc8 23. Ke1 Kf8 24. Kd2 Ke7 25. h4 Kd6 26. h5 g6 27. Nh2 gxh5 28. Bxh5 Ke7 29. Be2 Nf6 30. Bd3 h5 31. Nf3 Ng4 32. Ke2 f5 33. g3 Kf6 34. Nh4 a5 35. bxa5 bxa5 36. Ng2 Kg5 37. Nf4 Nf6 38. Bb5 Ne4 39. Be8 h4 40. gxh4+ Kxh4 41. Bf7 Ba6+ 42. Ke1 Ng5 43. Bxe6 Nf3+ 44. Kd1 Kg4 45. Bxd5 Nh4 46. Kd2 Nf3+ 47. Kd1 Nh4 48. Bc6 Bc4 49. d5 Kg5 50. d6 Kf6 51. Kd2 Bf7 52. Kc3 Ng6 53. Nxg6 Bxg6 54. Kd4 Ke6 55. Kc5 Bh5 56. d7 Ke7 57. Kb6 Kd8 58. Kxa5 Kc7 59. Kb4 1-0


[Site "https://www.chess.com"]

[Event "Titled Tuesday Blitz November 14 Early 2023"]
[White "Valle Maytin, Luis Enrique"]
[Black "Bao, Qilin"]
[WhiteFideId "3503666"]
[BlackFideId "8605750"]
[WhiteElo "2344"]
[BlackElo "2668"]
[Result "1-0"]
[Round "1"]
[TimeControl "180+1"]
[Date "2023.11.14"]
[WhiteClock "0:00:14"]
[BlackClock "0:00:08"]
[Board "153"]

1. d4 c5 2. e3 g6 3. Nf3 Bg7 4. Be2 Nf6 5. O-O O-O 6. c4 cxd4 7. exd4 d5 8. Nc3 Nc6 9. c5 Ne4 10. Be3 b6 11. Qa4 Nxc3 12. bxc3 Bd7 13. Bb5 Qc8 14. Qa3 bxc5 15. dxc5 a6 16. Ba4 e5 17. Rfd1 Be6 18. Rab1 Na5 19. Bb3 Nxb3 20. axb3 Qc6 21. b4 Bg4 22. Qa2 Bxf3 23. gxf3 Rfd8 24. Qe2 d4 25. cxd4 exd4 26. Bf4 Re8 27. Qd3 a5 28. Bd6 axb4 29. Rxb4 Ra2 30. Kg2 h5 31. Rd2 Ra1 32. Rd1 Raa8 33. h3 Kh7 34. Qd2 Ra3 35. Qf4 Qd5 36. Rbxd4 Bxd4 37. Rxd4 Qe6 38. Re4 Qd7 39. Rxe8 Qxe8 40. c6 Rc3 41. c7 Kg8 42. Be5 Rc6 43. Qe4 Qe6 44. f4 Kh7 45. Qd4 Rc4 46. Qd8 Qc6+ 47. Kh2 f6 48. Qe7+ Kh6 49. Qf8+ Kh7 50. Bxf6 1-0


[Site "https://www.chess.com"]

[Event "Titled Tuesday Blitz November 14 Early 2023"]
[White "Golubev, Mikhail"]
[Black "Degtiarev, Evgeny"]
[WhiteFideId "14100983"]
[BlackFideId "4149610"]
[WhiteElo "2666"]
[BlackElo "2338"]
[Result "1-0"]
[Round "1"]
[TimeControl "180+1"]
[Date "2023.11.14"]
[WhiteClock "0:00:29"]
[BlackClock "0:00:06"]
[Board "154"]

1. e3 d5 2. Nf3 Nf6 3. c4 c6 4. Nc3 g6 5. d4 Bg7 6. Bd3 O-O 7. O-O Bg4 8. h3 Bxf3 9. Qxf3 dxc4 10. Bxc4 Nbd7 11. Rd1 b5 12. Bb3 Qb6 13. Bd2 a5 14. a4 b4 15. Ne4 Nxe4 16. Qxe4 e5 17. Rac1 Rac8 18. Rc4 exd4 19. exd4 c5 20. Rdc1 Qa7 21. dxc5 Bxb2 22. R1c2 Rfe8 23. Qf4 Be5 24. Qf3 Rxc5 25. Rxc5 Nxc5 26. Rxc5 Bd6 27. Rd5 1-0


[Site "https://www.chess.com"]

[Event "Titled Tuesday Blitz November 14 Early 2023"]
[White "Kornyukov, Alexey"]
[Black "Skliarov, Viktor"]
[WhiteFideId "4150457"]
[BlackFideId "14106736"]
[WhiteElo "2337"]
[BlackElo "2666"]
[Result "0-1"]
[Round "1"]
[TimeControl "180+1"]
[Date "2023.11.14"]
[WhiteClock "0:00:54"]
[BlackClock "0:02:03"]
[Board "155"]

1. e4 c5 2. c3 d6 3. d4 Nf6 4. f3 Qc7 5. Be3 g6 6. Nd2 Bg7 7. Bb5+ Bd7 8. Bxd7+ Nbxd7 9. Ne2 O-O 10. O-O b5 11. Rc1 c4 12. b3 Nb6 13. d5 Nfd7 14. b4 Ne5 15. Bd4 Nd3 16. Rc2 a5 17. Bxg7 Kxg7 18. Nd4 axb4 19. Nxb5 Qc5+ 20. Nd4 bxc3 21. Nb3 cxb3 22. axb3 Qxd4+ 0-1


[Site "https://www.chess.com"]

[Event "Titled Tuesday Blitz November 14 Early 2023"]
[White "Papasimakopoulos, Alexandros"]
[Black "MIss_MIaMI"]
[WhiteFideId "4244125"]
[WhiteElo "2664"]
[BlackElo "2334"]
[Result "1-0"]
[Round "1"]
[TimeControl "180+1"]
[Date "2023.11.14"]
[WhiteClock "0:02:21"]
[BlackClock "0:00:06"]
[Board "156"]

1. d4 c5 2. d5 g6 3. c4 Bg7 4. e4 a6 5. Bd3 d6 6. h3 Nf6 7. Nf3 O-O 8. a4 b6 9. O-O Nbd7 10. Nc3 Ne8 11. Re1 Nc7 12. Bf4 Ne5 13. Nxe5 dxe5 14. Be3 a5 15. f4 Ne8 16. Rf1 Nd6 17. Kh1 Ba6 18. b3 Qd7 19. fxe5 Bxe5 20. Qd2 Rae8 21. Bh6 Bg7 22. Bxg7 Kxg7 23. e5 Nb7 24. Rae1 Nd8 25. Qg5 f6 26. e6 Qc7 27. Qe3 Nb7 28. Ne4 Nd6 29. Ng3 f5 30. Qe5+ Rf6 31. Bxf5 Rf8 32. Bd3 Qd8 33. Ne4 Nxe4 34. Bxe4 Kg8 35. Rxf6 Rxf6 36. d6 exd6 37. e7 1-0


[Site "https://www.chess.com"]

[Event "Titled Tuesday Blitz November 14 Early 2023"]
[White "komogro"]
[Black "Borgaonkar Akshay"]
[BlackFideId "25639110"]
[WhiteElo "2334"]
[BlackElo "2662"]
[Result "0-1"]
[Round "1"]
[TimeControl "180+1"]
[Date "2023.11.14"]
[WhiteClock "0:00:33"]
[BlackClock "0:00:31"]
[Board "157"]

1. Nf3 g6 2. d4 Bg7 3. c4 Nf6 4. Nc3 O-O 5. e4 d6 6. Be2 e5 7. O-O Nc6 8. d5 Ne7 9. b4 Ne8 10. c5 f5 11. Ba3 Nf6 12. Ng5 fxe4 13. Ncxe4 Nxe4 14. Nxe4 Nf5 15. cxd6 cxd6 16. b5 Qh4 17. Nxd6 Nxd6 18. Bxd6 Re8 19. Rc1 Bf5 20. Rc7 Rad8 21. Ba3 e4 22. Bc5 Be5 23. g3 Qh3 24. Rxb7 h5 25. Re1 e3 26. Bxe3 Be4 27. Bf1 Qf5 28. Qb3 Qf3 29. d6+ Kh8 0-1


[Site "https://www.chess.com"]

[Event "Titled Tuesday Blitz November 14 Early 2023"]
[White "Skvortsov, Andrei"]
[Black "Zaksaite, Salomeja"]
[WhiteFideId "24108600"]
[BlackFideId "12801496"]
[WhiteElo "2660"]
[BlackElo "2334"]
[Result "1-0"]
[Round "1"]
[TimeControl "180+1"]
[Date "2023.11.14"]
[WhiteClock "0:01:05"]
[BlackClock "0:00:00"]
[Board "158"]

1. e4 c5 2. d4 cxd4 3. Qxd4 Nc6 4. Qd3 d6 5. Nc3 g6 6. Nf3 Bg7 7. Be2 Nf6 8. O-O O-O 9. Nd5 Nxd5 10. exd5 Ne5 11. Nxe5 Bxe5 12. c3 Bf5 13. Qd1 Rb8 14. a4 e6 15. Bf3 exd5 16. Bxd5 Qc7 17. Qb3 Rfe8 18. Be3 b6 19. Rfe1 Be6 20. Rad1 a6 21. Qb4 b5 22. a5 Bxd5 23. Rxd5 Qc4 24. Red1 Qxb4 25. cxb4 Bxb2 26. Rxd6 Ra8 27. g3 Re6 28. Rxe6 fxe6 29. Rd6 Bc3 30. Bc5 Kf7 31. Rd7+ Kg8 32. Kg2 Rc8 33. Rd6 Ra8 34. Rxe6 Bg7 35. Rc6 Bf8 36. Rb6 Bxc5 37. bxc5 Kf7 38. Rb7+ Ke6 39. Rxh7 Kd5 40. Rc7 b4 41. c6 b3 42. Rb7 Kc4 43. c7 Rc8 44. h4 Kc3 45. Rb6 b2 46. Rc6+ Kb3 47. Rb6+ Ka2 48. Kh3 Rxc7 49. f4 Rc5 50. f5 Rxf5 51. Rxb2+ 1-0


[Site "https://www.chess.com"]

[Event "Titled Tuesday Blitz November 14 Early 2023"]
[White "Fernandez Siles, Luis"]
[Black "Kleiman, Jake"]
[WhiteFideId "2209420"]
[BlackFideId "2020041"]
[WhiteElo "2333"]
[BlackElo "2660"]
[Result "1-0"]
[Round "1"]
[TimeControl "180+1"]
[Date "2023.11.14"]
[WhiteClock "0:00:07"]
[BlackClock "0:00:11"]
[Board "159"]

1. e4 e5 2. Nf3 Nc6 3. Nc3 Nf6 4. Bc4 Bb4 5. O-O O-O 6. Nd5 Bd6 7. d3 Nxd5 8. Bxd5 Ne7 9. Bb3 Ng6 10. d4 exd4 11. Qxd4 Nf4 12. Re1 Ne6 13. Qd5 Be7 14. Bd2 d6 15. Bc3 Nc5 16. Bc4 Be6 17. Qd4 Bf6 18. e5 Bxc4 19. exf6 Be6 20. fxg7 Re8 21. Qf4 Nd7 22. Ng5 Ne5 23. Qh4 Bf5 24. f4 Ng4 25. h3 Ne3 26. g4 Bg6 27. f5 Nxf5 28. gxf5 Bxf5 29. Qh6 Bg6 30. Rf1 Qd7 31. Rxf7 Qc6 32. Rf8+ Rxf8 33. gxf8=Q+ Rxf8 34. Qg7# 1-0


[Site "https://www.chess.com"]

[Event "Titled Tuesday Blitz November 14 Early 2023"]
[White "Dowgird, Filip"]
[Black "Lopez Del Alamo, Antonio"]
[WhiteFideId "1121235"]
[BlackFideId "2227339"]
[WhiteElo "2659"]
[BlackElo "2333"]
[Result "1-0"]
[Round "1"]
[TimeControl "180+1"]
[Date "2023.11.14"]
[WhiteClock "0:00:52"]
[BlackClock "0:00:00"]
[Board "160"]

1. d4 Nf6 2. Bg5 Ne4 3. Bf4 c5 4. f3 Qa5+ 5. c3 Nf6 6. d5 d6 7. e4 g6 8. a4 Bg7 9. Na3 O-O 10. Bd3 Na6 11. Ne2 Bd7 12. Nc4 Qd8 13. O-O Nc7 14. Ng3 Rb8 15. Re1 a6 16. Nb6 Na8 17. Nxa8 Rxa8 18. a5 b5 19. axb6 Qxb6 20. Bc1 c4+ 21. Be3 Qxb2 22. Bxc4 a5 23. Qd3 Ne8 24. Ne2 Qb7 25. Reb1 Qc7 26. Bb6 Qc8 27. Kh1 Nf6 28. Rxa5 Rxa5 29. Bxa5 Qc5 30. Bb4 Qc7 31. Ra1 Rb8 32. Nd4 Nh5 33. g3 Nf6 34. Kg2 h5 35. Bb5 h4 36. Bxd7 Qxd7 37. Nc6 Rb7 38. Ra8+ Kh7 39. Rd8 Qc7 40. Qa6 Rb6 41. Qc8 Qxc8 42. Rxc8 hxg3 43. hxg3 e6 44. dxe6 fxe6 45. Bxd6 Rb2+ 46. Kh3 Rc2 47. Nd4 Rc1 48. Nxe6 1-0


[Site "https://www.chess.com"]

[Event "Titled Tuesday Blitz November 14 Early 2023"]
[White "KorolDimitriy75"]
[Black "Yen, William"]
[BlackFideId "30932025"]
[WhiteElo "2332"]
[BlackElo "2657"]
[Result "0-1"]
[Round "1"]
[TimeControl "180+1"]
[Date "2023.11.14"]
[WhiteClock "0:00:00"]
[BlackClock "0:01:06"]
[Board "161"]

1. d4 Nf6 2. c4 g6 3. Nc3 d5 4. cxd5 Nxd5 5. e4 Nxc3 6. bxc3 Bg7 7. Nf3 O-O 8. Rb1 c5 9. Be2 Nc6 10. d5 Ne5 11. Nxe5 Bxe5 12. Qd2 b6 13. f4 Bg7 14. O-O e6 15. c4 Bd4+ 16. Kh1 exd5 17. exd5 Bf5 18. Bd3 Qd7 19. Bb2 Bxb2 20. Rxb2 Rae8 21. Bxf5 Qxf5 22. h3 Re4 23. Rc2 Rfe8 24. a4 Rd4 25. Qf2 Ree4 26. g4 Qxf4 27. Qxf4 Rxf4 28. Rxf4 Rxf4 29. a5 Kg7 30. axb6 axb6 31. Rb2 Rxc4 32. Rxb6 Rd4 33. d6 c4 34. Rc6 Kf6 35. Kg2 Ke6 36. Kg3 g5 37. Kf3 Kd7 38. Rc7+ Ke6 0-1


[Site "https://www.chess.com"]

[Event "Titled Tuesday Blitz November 14 Early 2023"]
[White "Yaran, Siar"]
[Black "Josgar05"]
[WhiteFideId "6323006"]
[WhiteElo "2653"]
[BlackElo "2326"]
[Result "1-0"]
[Round "1"]
[TimeControl "180+1"]
[Date "2023.11.14"]
[WhiteClock "0:00:15"]
[BlackClock "0:00:20"]
[Board "162"]

1. d4 Nf6 2. c4 d6 3. Nf3 Nbd7 4. Nc3 e5 5. g3 c6 6. Bg2 Be7 7. O-O O-O 8. Qc2 Qc7 9. Rd1 a5 10. b3 Re8 11. Bb2 Bf8 12. Rac1 exd4 13. Nxd4 Nc5 14. Rd2 Bd7 15. Rcd1 Rad8 16. Nf5 Bxf5 17. Qxf5 h6 18. g4 Qc8 19. Qxc8 Rxc8 20. h3 Rcd8 21. e3 Kh7 22. Bf3 Re6 23. Kg2 Nfd7 24. h4 Be7 25. Rh1 Kg8 26. Ne2 Ne5 27. Nf4 Rf6 28. Be2 Ne4 29. Rd4 Nc5 30. Kg3 Ne6 31. Rd2 Nc5 32. f3 Kf8 33. g5 Re6 34. Nxe6+ Nxe6 35. f4 Nd7 36. Bf3 Nec5 37. Rhd1 Re8 38. e4 Kg8 39. e5 Bf8 40. exd6 Re3 41. Bd4 Ne4+ 42. Kg2 Rxf3 43. Kxf3 Nxd2+ 44. Rxd2 h5 45. f5 f6 46. g6 Nb8 47. Ba7 Nd7 48. c5 Kh8 49. Re2 Kg8 50. Re8 Kh8 51. Bb6 Kg8 52. Rd8 Ne5+ 53. Ke4 Ng4 54. d7 Ne5 55. Rxf8+ Kxf8 56. d8=Q# 1-0


[Site "https://www.chess.com"]

[Event "Titled Tuesday Blitz November 14 Early 2023"]
[White "Umarov, Sabir"]
[Black "Raahul V S"]
[WhiteFideId "14200538"]
[BlackFideId "25035525"]
[WhiteElo "2324"]
[BlackElo "2653"]
[Result "0-1"]
[Round "1"]
[TimeControl "180+1"]
[Date "2023.11.14"]
[WhiteClock "0:00:13"]
[BlackClock "0:01:38"]
[Board "163"]

1. e4 e5 2. Nf3 Nc6 3. Bc4 Nf6 4. d3 h6 5. a3 d6 6. Nc3 g6 7. Be3 Bg7 8. h3 O-O 9. Qd2 Kh7 10. g4 Ng8 11. O-O-O Be6 12. Nd5 Nce7 13. Rdg1 c6 14. Nxe7 Qxe7 15. Bxe6 fxe6 16. Ne1 d5 17. f3 c5 18. Kb1 Rac8 19. h4 b5 20. h5 g5 21. Rf1 c4 22. dxc4 d4 23. Bf2 bxc4 24. Qb4 Qc7 25. Bg3 Rb8 26. Qa4 Rb6 27. Ka1 Rfb8 0-1


[Site "https://www.chess.com"]